 Dungeon Crawl Stone Soup version 0.22-a0-75-g1fede22 (webtiles) character file.

56683 shenanigans the Fighter (level 14, -3/118 HPs)
             Began as a Barachi Monk on Jan 12, 2018.
             Was a High Priest of Okawaru.
             Slain by a rust devil (11 damage)
             ... summoned by an orc sorcerer
             ... on level 2 of the Orcish Mines.
             The game lasted 01:05:16 (27220 turns).

shenanigans the Fighter (Barachi Monk)             Turns: 27220, Time: 01:05:17

Health: -3/118     AC:  3    Str: 13    XL:     14   Next: 82%
Magic:  21/23      EV: 11    Int: 16    God:    Okawaru [*****.]
Gold:   1253       SH:  8    Dex: 14    Spells: 25/25 levels left

rFire    + + .     SeeInvis .   a - +5 broad axe (flame)
rCold    + + .     Gourm    .   Q - +1 buckler {rC+ rF+}
rNeg     . . .     Faith    +   M - +3 plate armour {rC+}
rPois    .         Spirit   .   (no helmet)
rElec    .         Reflect  .   v - scarf {cloud immunity}
rCorr    .         Harm     .   R - +0 pair of gloves {archery}
MR       +....                  C - +0 pair of boots
Stlth    ..........             U - amulet of faith
HPRegen  0.29/turn              e - ring of protection from fire
MPRegen  0.18/turn              t - +4 ring of slaying

@: heroism, corroded, heavily drained, slow
A: +LOS, swims, slowness 1, strong legs 2
a: Hop, Heroism, Finesse, Renounce Religion


You were on level 2 of the Orcish Mines.
You worshipped Okawaru.
Okawaru was extremely pleased with you.
You were very hungry.

You visited 4 branches of the dungeon, and saw 21 of its levels.
You also visited: Ice Cave.

You collected 1353 gold pieces.
You spent 100 gold pieces at shops.

Inventory:

Hand Weapons
 a - a +5 broad axe of flaming (weapon)
 b - the +4 morningstar of a ziggurat {freeze, rElec rC+ Str+3}
   (You found it on level 5 of the Lair of Beasts)

   It has been specially enchanted to freeze those struck by it, causing extra
   injury to most foes and up to half again as much damage against particularly
   susceptible opponents.
   It can also slow down cold-blooded creatures.
   It affects your strength (+3).
   It protects you from cold.
   It insulates you from electricity.
 V - a +1 flail of holy wrath
Missiles
 r - 32 tomahawks (quivered)
Armour
 j - a +0 cloak
 v - a scarf of cloud immunity (worn)
 C - a +0 pair of boots (worn)
 M - a +3 plate armour of cold resistance (worn)
 N - a +3 chain mail of magic resistance
 Q - a +1 buckler of resistance (worn)
 R - a +0 pair of gloves of archery (worn)
Jewellery
 e - a ring of protection from fire (left hand)
 f - an uncursed ring of wizardry
 h - an uncursed amulet of the gourmand
 t - a +4 ring of slaying (right hand)
 y - an uncursed ring of resist corrosion
 U - an amulet of faith (around neck)
Wands
 w - a wand of iceblast (18)
 z - a wand of flame (34)
 E - a wand of polymorph (12)
 F - a wand of clouds (2)
 G - a wand of paralysis (23)
 K - a wand of digging (13)
Scrolls
 c - a scroll of silence
 g - 15 scrolls of teleportation
 k - 7 scrolls of remove curse
 n - 5 scrolls of magic mapping
 o - 6 scrolls of enchant armour
 p - 3 scrolls of fear
 u - 7 scrolls of fog
 x - a scroll of holy word
 I - a scroll of summoning
 L - 3 scrolls of amnesia
Potions
 i - a potion of magic {unknown}
 l - 6 potions of flight
 m - 2 potions of brilliance
 q - 4 potions of curing
 s - a potion of invisibility
 A - 3 potions of might
 B - 3 potions of heal wounds
 D - a potion of haste
 H - 2 potions of cancellation
 J - a potion of mutation
 S - a potion of agility
 T - a potion of ambrosia
Books
 O - a book of Necromancy

   Spells                             Type                      Level
   a - Pain                           Necromancy                   1
   b - Animate Skeleton               Necromancy                   1
   c - Vampiric Draining              Necromancy                   3
   d - Regeneration                   Charms/Necromancy            3
   e - Animate Dead                   Necromancy                   4
   f - Borgnjor's Vile Clutch         Necromancy/Earth             5
Miscellaneous
 P - a lamp of fire
Comestibles
 d - 46 rations


   Skills:
 + Level 13.6(16.8) Fighting
 + Level 12.6(15.8) Axes
 + Level 13.1(16.3) Armour
 + Level 12.6(15.8) Dodging
 - Level 1.7(5.3) Stealth
 * Level 9.9(13.2) Shields
 + Level 6.2(4.9) Spellcasting
 - Level 5.1(3.7) Invocations


You had 25 spell levels left.
You didn't know any spells.

Dungeon Overview and Level Annotations

Branches:
Dungeon (12/15)            Temple (1/1) D:7            Lair (6/6) D:10
 Shoals (0/4) Lair:2        Snake (0/4) Lair:4        Slime (0/5) Lair:6
    Orc (2/2) D:12
    Elf: Orc:2

Altars:
Ashenzari
Cheibriados
Dithmenos
Elyvilon
Fedhas
Gozag
Hepliaklqana
Kikubaaqudgha
Makhleb
Nemelex Xobeh
Okawaru
Qazlal
Ru
Sif Muna
Trog
Uskayaw
Vehumet
Wu Jian
Xom
Yredelemnul
Zin
The Shining One
Beogh

Shops:
D:6 (   D:9 *   Orc:1 [

Annotations:
D:3 Syn's ghost, amateur GrGl
D:6 cellescent's ghost, novice GnWn


Innate Abilities, Weirdness & Mutations

Shadows flee at your approach. (+LOS)
You can swim through water.
You cover ground slowly.
You can hop long distances.


Message History

The orc sorcerer hits you with a dagger.
* * * LOW HITPOINT WARNING * * *
Unknown command.
You hit the orc sorcerer. You burn the orc sorcerer.
The orc sorcerer is almost dead.
You slash the chaos spawn! You burn the chaos spawn. You hit the rust devil.
You block the chaos spawn's attack. The rust devil hits you.
* * * LOW HITPOINT WARNING * * *
The rust devil corrodes you! You block the orc sorcerer's attack.
Unknown command.
Unknown command.
You hit the orc sorcerer but do no damage.
The orc sorcerer is almost dead.
You slash the rust devil! You completely miss the chaos spawn.
The chaos spawn hits you.
* * * LOW HITPOINT WARNING * * *
The chaos spawn shocks you.
* * * LOW HITPOINT WARNING * * *
The rust devil hits you!
You die...

$.........##
####..........#
##...^.$........
#............... #
##.............. #.#
##.............
....#......#.......
#......).4..#......
#.......o@...##.....
..##....4<....# ....
..........##........
.###...... ........
# #...............
###.............
..............
#..............
##............


You could see a rust devil, a chaos spawn and an orc sorcerer.

Vanquished Creatures
  Kirke (Lair:6)
  A stone giant (D:11)
  Josephine (Lair:4)
  3 hydras
  4 two-headed ogres
  An orc high priest (Orc:1)
  Sonja (Lair:2)
  A wizard (D:11)
  An orc knight (Orc:1)
  A necromancer (IceCv)
  Maurice (D:8)
  2 ice statues (IceCv)
  2 elephants (Lair:5)
  5 black mambas
  A gargoyle (D:10)
  A rime drake (Lair:1)
  19 spiny frogs
  6 komodo dragons
  7 ice devils (IceCv)
  5 trolls
  2 queen bees
  2 tyrant leeches
  20 blink frogs
  6 slime creatures (D:12)
  4 dream sheep (Lair:6)
  7 hippogriffs
  A snapping turtle (Lair:2)
  A spriggan (Lair:4)
  2 wyverns
  43 yaks
  Eustachio (D:6)
  2 hungry ghosts
  4 wraiths (Lair:4)
  4 hogs
  3 basilisks
  6 vampire mosquitoes
  Menkaure (D:7)
  3 nagas (Lair:4)
  11 porcupines
  14 water moccasins
  2 sky beasts
  9 orc warriors
  10 ice beasts
  6 ogres
  4 phantoms
  16 wolves
  12 centaurs
  9 crocodiles
  A big kobold (D:8)
  A gnoll sergeant (D:8)
  25 bullfrogs
  7 scorpions
  4 wights (D:11)
  37 killer bees
  3 spriggan skeletons (D:9)
  A troll skeleton (D:9)
  3 electric eels (Lair:6)
  A howler monkey (D:7)
  3 bullfrog zombies
  2 centaur zombies
  2 crimson imps
  A draconian simulacrum (IceCv)
  11 hounds
  A quasit (D:10)
  A bullfrog skeleton (D:7)
  13 jellies
  5 orc priests
  18 orc wizards
  5 centaur skeletons
  A gnoll shaman (D:4)
  3 iguanas
  6 worker ants
  A spriggan simulacrum (IceCv)
  2 troll simulacra (IceCv)
  A hound skeleton (D:8)
  13 gnolls
  16 adders
  A howler monkey skeleton (D:6)
  4 naga simulacra (IceCv)
  2 ogre simulacra (IceCv)
  3 shadow imps
  4 oozes
  3 adder zombies
  A worm (D:3)
  3 dart slugs
  A leopard gecko (D:4)
  59 orcs
  6 bats
  7 giant cockroaches
  9 goblins
  10 hobgoblins
  25 jackals
  15 kobolds
  5 quokkas
  2 ball pythons (D:1)
  8 frilled lizards
  A quokka skeleton (D:6)
  2 quokka zombies
  18 rats
  4 fungi
  8 plants
658 creatures vanquished.

Vanquished Creatures (others)
  A jelly (Lair:6)
  An orc wizard (D:9)
  16 fungi
  45 plants
63 creatures vanquished.

Grand Total: 721 creatures vanquished

Notes
Turn   | Place    | Note
-------+----------+-------------------------------------------
     0 | D:1      | shenanigans the Barachi Monk began the quest for the Orb.
     0 | D:1      | Reached XP level 1. HP: 18/18 MP: 1/1
    70 | D:1      | Reached XP level 2. HP: 24/25 MP: 2/2
   104 | D:1      | Reached skill level 1 in Armour
   330 | D:1      | Reached XP level 3. HP: 30/30 MP: 3/3
  1070 | D:2      | Reached XP level 4. HP: 37/37 MP: 4/4
  1841 | D:3      | Reached XP level 5. HP: 11/43 MP: 5/5
  2080 | D:3      | Noticed Syn's ghost (amateur GrGl)
  2687 | D:3      | Noticed an ogre
  2698 | D:3      | HP: 2/64 [ogre/giant club (11)]
  2700 | D:3      | Killed an ogre
  2700 | D:3      | Reached skill level 5 in Fighting
  2700 | D:3      | Reached XP level 6. HP: 4/51 MP: 6/6
  3505 | D:3      | Found a sparkling altar of Nemelex Xobeh.
  3666 | D:3      | Found a burning altar of Makhleb.
  4483 | D:4      | Reached skill level 5 in Axes
  4483 | D:4      | Reached skill level 5 in Dodging
  4564 | D:4      | Reached XP level 7. HP: 55/56 MP: 7/7
  5183 | D:5      | Entered Level 5 of the Dungeon
  5306 | D:5      | Found a deep blue altar of Sif Muna.
  5325 | D:5      | Identified Sif Muna's Tome of Arcane Weapons
  5640 | D:5      | Found a sparkling altar of Nemelex Xobeh.
  5731 | D:5      | Identified a scroll of acquirement
  5750 | D:5      | Found an opulent altar of Gozag.
  5933 | D:5      | Found a stormy altar of Qazlal.
  6100 | D:6      | Noticed Eustachio
  6107 | D:6      | Reached skill level 5 in Armour
  6107 | D:6      | Reached XP level 8. HP: 23/65 MP: 8/8
  6409 | D:6      | Killed Eustachio
  6471 | D:6      | Noticed a hippogriff
  6483 | D:6      | Killed a hippogriff
  6583 | D:6      | Found a shadowy altar of Dithmenos.
  6585 | D:6      | Found a shimmering altar of Xom.
  6586 | D:6      | Found a stormy altar of Qazlal.
  6586 | D:6      | Found a basalt altar of Yredelemnul.
  6587 | D:6      | Found a snail-covered altar of Cheibriados.
  6587 | D:6      | Found a sacrificial altar of Ru.
  6802 | D:6      | Noticed cellescent's ghost (novice GnWn)
  7033 | D:6      | Found Fipeofo's Weapon Boutique.
  7036 | D:6      | Bought a +0 war axe for 52 gold pieces
  7926 | D:6      | Reached XP level 9. HP: 72/72 MP: 9/9
  8594 | D:7      | Noticed Menkaure
  9193 | D:7      | Killed Menkaure
  9498 | D:7      | Found a staircase to the Ecumenical Temple.
  9600 | Temple   | Entered the Ecumenical Temple
  9697 | Temple   | Became a worshipper of Warmaster Okawaru
  9697 | Temple   | Reached * piety under Okawaru
  9697 | Temple   | Reached ** piety under Okawaru
  9903 | D:8      | Reached skill level 1 in Invocations
  9969 | D:8      | Reached XP level 10. HP: 45/82 MP: 11/11
 10261 | D:8      | Noticed Maurice
 10302 | D:8      | Reached *** piety under Okawaru
 10635 | D:8      | Killed Maurice
 11231 | D:8      | Identified the Incunabulum of Self-Improvement and the Mountains
 11408 | D:9      | Noticed a two-headed ogre
 11594 | D:9      | Killed a two-headed ogre
 11594 | D:9      | Reached **** piety under Okawaru
 11639 | D:9      | Found Owoev's General Store.
 11652 | D:9      | Bought a scroll of remove curse for 48 gold pieces
 11677 | D:9      | Reached ***** piety under Okawaru
 12013 | D:9      | Reached skill level 5 in Invocations
 12159 | D:9      | Reached XP level 11. HP: 78/90 MP: 14/14
 12335 | D:9      | Noticed a two-headed ogre
 12343 | D:9      | Killed a two-headed ogre
 12343 | D:9      | Received a gift from Okawaru
 12343 | D:9      | Reached skill level 10 in Fighting
 13010 | D:10     | Entered Level 10 of the Dungeon
 13231 | D:10     | Noticed a two-headed ogre
 13705 | D:10     | Killed a two-headed ogre
 13705 | D:10     | Reached skill level 10 in Armour
 13722 | D:10     | Found a staircase to the Lair.
 13740 | D:10     | Reached skill level 10 in Axes
 13740 | D:10     | Reached skill level 10 in Dodging
 13873 | D:11     | Received a gift from Okawaru
 13903 | D:11     | Found a frozen archway.
 13964 | IceCv    | Entered an ice cave
 14668 | IceCv    | Reached XP level 12. HP: 96/100 MP: 15/15
 15319 | D:11     | Noticed a two-headed ogre
 15330 | D:11     | Killed a two-headed ogre
 15353 | D:11     | Received a gift from Okawaru
 15766 | D:11     | Reached skill level 1 in Shields
 15980 | D:11     | Noticed a stone giant
 15990 | D:11     | Killed a stone giant
 15990 | D:11     | Reached skill level 1 in Spellcasting
 16260 | Lair:1   | Entered Level 1 of the Lair of Beasts
 17427 | Lair:2   | Gained mutation: You can hop long distances. [Barachi growth]
 17427 | Lair:2   | Reached XP level 13. HP: 80/108 MP: 17/17
 17672 | Lair:2   | Noticed Sonja
 18017 | Lair:2   | Found a staircase to the Shoals.
 18027 | Lair:2   | Reached skill level 5 in Shields
 18393 | Lair:2   | Killed Sonja
 19768 | Lair:3   | Received a gift from Okawaru
 20358 | Lair:4   | Noticed Josephine
 20371 | Lair:4   | Killed Josephine
 20639 | Lair:4   | Found a staircase to the Snake Pit.
 21510 | Lair:5   | Got a bloodstained morningstar
 21617 | Lair:5   | Reached ****** piety under Okawaru
 21625 | Lair:5   | Identified the +4 morningstar of a ziggurat {freeze, rElec rC+ Str+3} (You found it on level 5 of the Lair of Beasts)
 21762 | Lair:6   | Entered Level 6 of the Lair of Beasts
 22076 | Lair:6   | Received a gift from Okawaru
 22735 | Lair:6   | Reached skill level 5 in Spellcasting
 22735 | Lair:6   | Reached XP level 14. HP: 77/118 MP: 21/21
 24009 | Lair:6   | Found a staircase to the Slime Pits.
 24837 | Lair:6   | Received a gift from Okawaru
 25027 | Lair:6   | Noticed Kirke
 25041 | Lair:6   | Killed Kirke
 25492 | Lair:1   | You fall through a shaft!
 25948 | D:12     | Found a staircase to the Orcish Mines.
 25979 | Orc:1    | Entered Level 1 of the Orcish Mines
 26908 | Orc:1    | Found a roughly hewn altar of Beogh.
 27081 | Orc:1    | Found Vezajets's Armour Shoppe.
 27189 | Orc:2    | Entered Level 2 of the Orcish Mines
 27211 | Orc:2    | Paralysed by an orc sorcerer for 6 turns
 27220 | Orc:2    | Slain by a rust devil

Vault maps used:
D:1:      minmay_arrival_open_corners
D:3:      marbit_many_paths, first_ration, minmay_statues_item,
          nemelex_diamond_rough_becter
D:4:      minmay_hedge_maze, minmay_misc_feat_plants
D:5:      led_sif_book, nemelex_xobeh_ov_fountains_minmay, basic_altar,
          abandoned_shop, nicolae_qazlal_eye_of_the_storm
D:6:      grunt_temple_overflow_open, serial_shops, kennysheep_mini_moat,
          nicolae_sextant, centaur_isle, uniq_eustachio
D:7:      minmay_temple_entry_enclosed_plants, uniq_menkaure
D:8:      david_nohive_1, uniq_maurice
D:9:      serial_shops, nicolae_shop_statue_plus, hangedman_tell_no_tales
D:10:     minmay_lair_entry_grove, minmay_tree_intersection
D:11:     portal_ice_cave_entry_ice_beasts, nrook_uturn, kennysheep_just_a_vault
D:12:     orc_0_dummy, minivault_1
Temple:   dshaligram_water_room_temple
Lair:1:   beast_lair_carwin_4, serial_bayou_shore_b
Lair:2:   beast_lair_carwin_large_3, minmay_shoals_entry_hut,
          grunt_megastairs_3, uniq_sonja
Lair:4:   wad_woods_04, guppyfry_snake_entry_garden, grunt_megastairs_1,
          infiniplex_staircase_pool, uniq_josephine
Lair:5:   minmay_holes, beast_lair_carwin_11, serial_bayou_shore_b, uniq_kirke
Lair:6:   minmay_lair_end_frog_pond, minmay_slime_entry_jelly_boxes, st_stairs_6
Orc:1:    serial_shops, shop_fountains, kennysheep_orc_chapel
Orc:2:    st_orc_elflike
IceCv:    ice_cave_tombish

Skill      XL: |  1  2  3  4  5  6  7  8  9 10 11 12 13 14 |
---------------+-------------------------------------------+-----
Armour         | 1 2 3 5 6 7 9 10 11 12 13 | 13.1
Fighting       | 4 5 6 7 8 9 11 12 13 | 13.6
Axes           | 4 5 6 8 9 10 11 12 | 12.6
Dodging        | 4 5 7 8 9 10 11 12 | 12.6
Invocations    | 1 5 |  5.1
Shields        | 4 8 9 |  9.9
Spellcasting   | 2 5 6 |  6.2
Stealth        | |  1.7

Action                   |  1- 3 |  4- 6 |  7- 9 | 10-12 | 13-15 || total
-------------------------+-------+-------+-------+-------+-------++-------
Melee: Hand axe          |   114 |   336 |   147 |       |       ||   597
       War axe           |       |       |   211 |   262 |       ||   473
       Punch             |       |       |       |     1 |       ||     1
       Broad axe         |       |       |       |   457 |   714 ||  1171
Throw: Tomahawk          |       |     5 |     6 |     9 |     1 ||    21
Invok: Heroism           |       |       |       |    20 |    14 ||    34
 Abil: Hop               |       |     6 |     3 |     1 |     3 ||    13
Evoke: Wand              |       |       |     5 |    11 |     6 ||    22
  Use: Potion            |       |     5 |     1 |     6 |     1 ||    13
       Scroll            |       |       |    12 |    11 |     8 ||    31
 Stab: Sleeping          |     3 |     3 |       |       |       ||     6
       Confused          |       |       |       |     2 |       ||     2
  Eat: Chunk             |     1 |     6 |    12 |    22 |    33 ||    74
       Ration            |       |     2 |     4 |     2 |       ||     8
Armor: Robe              |    13 |       |       |       |       ||    13
       Ring mail         |    25 |   124 |    54 |       |       ||   203
       Skin              |       |     1 |       |    49 |       ||    50
       Chain mail        |       |       |   170 |   215 |       ||   385
       Plate armour      |       |       |       |   156 |   406 ||   562
Dodge: Dodged            |    91 |   224 |   233 |   314 |   244 ||  1106
Block: Buckler           |       |       |       |    62 |   254 ||   316

Table legend:
 A = Spawn XP
 B = Non-spawn XP
 C = Spawn XP percentage of total XP
 D = Spawn monster count
 E = Non-spawn monster count
 F = Spawn count percentage of total count
 G = Total turns spent on level
                    A         B        C        D         E        F      G
               +---------+---------+-------+---------+---------+-------+---------
         Total |       0 |   80976 |   0.0 |       0 |     648 |   0.0 | 27220
               +---------+---------+-------+---------+---------+-------+---------
           D:1 |       0 |      47 |   0.0 |       0 |      32 |   0.0 |   776
           D:2 |       0 |      43 |   0.0 |       0 |      19 |   0.0 |  1038
           D:3 |       0 |     411 |   0.0 |       0 |      50 |   0.0 |  2414
           D:4 |       0 |     218 |   0.0 |       0 |      14 |   0.0 |   955
           D:5 |       0 |     506 |   0.0 |       0 |      13 |   0.0 |  1252
           D:6 |       0 |    1756 |   0.0 |       0 |      23 |   0.0 |  1936
           D:7 |       0 |    1101 |   0.0 |       0 |      29 |   0.0 |  1537
           D:8 |       0 |    2864 |   0.0 |       0 |      53 |   0.0 |  1429
           D:9 |       0 |    4061 |   0.0 |       0 |      34 |   0.0 |  1904
          D:10 |       0 |    3916 |   0.0 |       0 |      35 |   0.0 |   566
          D:11 |       0 |    5606 |   0.0 |       0 |      41 |   0.0 |  1128
          D:12 |       0 |    2394 |   0.0 |       0 |      10 |   0.0 |   619
        Lair:1 |       0 |    5918 |   0.0 |       0 |      45 |   0.0 |  1028
        Lair:2 |       0 |    4128 |   0.0 |       0 |      22 |   0.0 |  1721
        Lair:3 |       0 |    4744 |   0.0 |       0 |      20 |   0.0 |  1089
        Lair:4 |       0 |    5587 |   0.0 |       0 |      28 |   0.0 |  1057
        Lair:5 |       0 |    6344 |   0.0 |       0 |      23 |   0.0 |  2424
        Lair:6 |       0 |   23680 |   0.0 |       0 |      97 |   0.0 |  1980
         Orc:1 |       0 |    3195 |   0.0 |       0 |      37 |   0.0 |   971
         Orc:2 |       0 |     351 |   0.0 |       0 |       3 |   0.0 |    31
         IceCv |       0 |    4106 |   0.0 |       0 |      20 |   0.0 |  1254
               +---------+---------+-------+---------+---------+-------+---------
